AoeStats
← Hagerbows

Arena

507988372Analyzed
1v1 RM · 11d ago on Sep 20, 2026· 23m 43s· 2 players
Game mode
Random Map
Map size
Tiny (2 player)
Population
200
Speed
Normal
Resources
Standard
Victory
Conquest
Starting age
Dark Age
Ending age
Imperial Age
RankedLock teamsTeams togetherTeam positionsShared explorationLock speedFull tech treeHidden civsTurbo modeCheats
Victory
Defeat
🇹🇼 Turks · Taiwan
902
+16
🇪🇸 Malians · Spain
910
-16
tx4300542000
10:59 Feudal Age
15:00 Castle Age
13:33 Double-Bit Axe
14:15 Gold Mining
14:35 Horse Collar
16:01 Loom
20:41 Fletching
21:24 Padded Archer Armor
Hagerbows
12:09 Feudal Age
15:47 Castle Age
16:21 Double-Bit Axe
18:47 Stone Mining
19:58 Loom
Connection lost

Rejoining the realm…

Still unreachable

The connection could not be restored.

Session expired

The server has moved on; the page needs a fresh start.